Map: Chantier naval orbital

Players

Worming - Winner!

  • Race: Zerg Zerg
  • League: Diamond

AnimalMother

  • Race: Protoss Protoss
  • League: Diamond

VOD

Have the link to the VOD?

Description

Time

  • Played on: Dec. 13, 2015, 9:45 a.m.
  • Length: 12:51
Show
View Real Time Build Order
Export as new Build Order

Worming Zerg - Winner!

Build Orders: Hatch First 

Get SALT Encoding   

  12  0:01  Drone  
  13  0:13  Overlord  
  13  0:17  Drone  
  14  0:31  Drone x2  
  16  0:35  Drone  
  17  0:52  Hatchery  
  17  0:55  Drone  
  17  0:59  Drone  
  18  1:13  Spawning Pool  
  18  1:16  Drone  
  18  1:19  Drone  
  18  1:25  Extractor  
  18  1:28  Drone  
  19  1:43  Overlord  
  19  2:00  Zergling x2  
  19  2:01  Queen  
  22  2:05  Drone x2  
  24  2:14  Drone  
  25  2:18  Drone  
  25  2:22  Drone  
  27  2:24  Queen  
  27  2:28  Drone  
  30  2:31  Metabolic Boost  
  30  2:36  Queen  
  32  2:45  Hatchery  
  32  2:49  Overlord  
  31  2:55  Overlord  
  31  3:03  Roach Warren  
  30  3:18  Drone x6  
  36  3:35  Drone x6  
  36  3:36  Drone  
  43  3:47  Overlord  
  43  3:48  Overlord  
  43  3:52  Extractor  
  43  3:53  Extractor  
  41  3:57  Drone x5  
  41  4:00  Overlord  
  46  4:09  Roach x3  
  52  4:10  Roach  
  54  4:30  Overlord  
  54  4:31  Overlord  
  54  4:32  Roach  
  54  4:33  Roach x5  
  54  4:35  Ravager  
  67  4:48  Lair  
  67  5:02  Zergling x2  
  67  5:03  Zergling x8  
  67  5:04  Drone x7  
  79  5:11  Drone x2  
  81  5:16  Queen  
  83  5:23  Drone x2  
  83  5:24  Drone x5  
  90  5:34  Extractor  
  89  5:38  Drone x2, Evolution Chamber  
  89  5:39  Evolution Chamber  
  89  5:40  Overlord x3  
  89  5:41  Drone  
  90  5:46  Overlord  
  90  5:52  Overseer  
  90  5:53  Overseer x2  
  87  6:05  Roach x11  
  105  6:17  Zerg Missile Weapons Level 1, Zerg Ground Armor Level 1  
  105  6:22  Drone  
  105  6:23  Drone  
  105  6:24  Drone  
  105  6:25  Drone  
  109  6:27  Glial Reconstitution  
  109  6:30  Drone  
  109  6:31  Drone  
  111  6:34  Extractor  
  111  6:39  Overlord  
  110  6:44  Overseer  
  110  6:49  Drone x3  
  110  6:52  Extractor  
  112  7:11  Pneumatized Carapace  
  112  7:14  Zergling x2, Hydralisk Den  
  112  7:15  Zergling x2  
  113  7:16  Zergling x2  
  113  7:19  Drone x2  
  113  7:20  Drone, Overlord x5  
  113  7:21  Roach, Overlord  
  113  7:22  Roach x5  
  129  7:37  Queen x2, Overlord  
  129  7:38  Overlord x2  
  133  7:58  Hatchery  
  133  8:00  Hydralisk  
  133  8:01  Hydralisk x5  
  133  8:02  Hydralisk  
  133  8:03  Lurker Den  
  145  8:10  Spine Crawler  
  145  8:12  Spine Crawler  
  143  8:14  Spine Crawler  
  142  8:20  Overlord  
  142  8:21  Roach x3  
  142  8:22  Roach x2  
  152  8:39  Roach x8  
  163  8:52  Roach x6  
  132  9:06  Roach x6  
  109  9:11  Hydralisk x2  
  97  9:26  Roach x7  
  100  9:31  Hydralisk x2  
  80  9:43  Roach x3  
  50  10:01  Roach x3  
  50  10:02  Roach  
  44  10:16  Lurker x2  
  44  10:18  Roach  
  43  10:29  Roach x2  
  45  10:46  Roach x3  
  45  10:58  Roach x2  
  45  11:11  Roach  
  45  11:12  Roach  
  35  11:46  Roach x2  
  35  11:47  Roach x4  
  45  11:59  Roach  
  45  12:00  Roach  
  38  12:19  Drone x5  
  41  12:28  Drone x2  
Show
View Real Time Build Order
Export as new Build Order

AnimalMother Protoss 

Build Orders: Nexus First, Zealot Archon 

Get SALT Encoding   

  12  0:01  Probe (Chrono Boost)  
  13  0:11  Probe (Chrono Boost)  
  14  0:19  Pylon  
  14  0:22  Probe (Chrono Boost)  
  15  0:37  Probe (Chrono Boost)  
  16  0:48  Probe (Chrono Boost)  
  17  0:58  Probe (Chrono Boost)  
  18  1:05  Nexus  
  18  1:09  Probe (Chrono Boost)  
  19  1:14  Gateway  
  19  1:20  Probe (Chrono Boost)  
  19  1:23  Pylon  
  20  1:30  Probe (Chrono Boost)  
  21  1:32  Assimilator  
  21  1:40  Assimilator  
  21  1:41  Probe (Chrono Boost)  
  22  1:51  Probe (Chrono Boost)  
  23  2:02  Probe (Chrono Boost)  
  23  2:07  Cybernetics Core  
  24  2:12  Probe (Chrono Boost)  
  25  2:17  Probe (Chrono Boost)  
  25  2:21  Zealot  
  28  2:23  Probe (Chrono Boost)  
  28  2:28  Probe (Chrono Boost)  
  30  2:33  Probe (Chrono Boost)  
  31  2:38  Probe (Chrono Boost)  
  31  2:39  Warp Gate (Chrono Boost)  
  31  2:44  Probe (Chrono Boost)  
  33  2:47  Probe  
  34  2:56  Mothership Core  
  34  2:58  Probe  
  36  3:02  Robotics Facility  
  36  3:05  Gateway  
  37  3:08  Probe  
  37  3:10  Pylon  
  37  3:12  Stalker  
  40  3:14  Pylon  
  40  3:19  Probe  
  40  3:23  Probe  
  42  3:28  Pylon  
  42  3:29  Probe  
  43  3:36  Pylon  
  43  3:37  Pylon  
  43  3:40  Probe  
  44  3:47  Twilight Council  
  44  3:49  Warp Prism (Chrono Boost)  
  46  3:57  Gateway  
  46  4:00  Gateway  
  46  4:01  Pylon  
  46  4:20  Gateway  
  46  4:24  Dark Shrine  
  46  4:25  Charge (Chrono Boost)  
  46  4:28  Gateway  
  46  4:32  Gateway  
  46  4:37  Immortal  
  46  4:38  Pylon  
  50  5:00  Assimilator  
  50  5:05  Assimilator  
  50  5:15  Immortal  
  50  5:17  Zealot  
  50  5:18  Zealot x4  
  64  5:26  Probe  
  65  5:31  Probe  
  65  5:33  Zealot  
  65  5:34  Zealot  
  70  5:38  Probe  
  71  5:43  Probe  
  72  5:50  Dark Templar x2, Probe  
  73  6:14  Zealot x5  
  87  6:31  Gateway  
  83  6:33  Pylon  
  83  6:35  Zealot x4  
  83  6:36  Zealot x3  
  97  6:55  Pylon  
  97  7:00  Zealot x4  
  97  7:01  Zealot x2  
  109  7:18  Dark Templar  
  109  7:19  Dark Templar  
  109  7:20  Dark Templar  
  109  7:21  Dark Templar, Pylon  
  117  7:22  Pylon  
  117  7:24  Pylon  
  117  7:25  Archon x2, Pylon  
  117  7:37  Observer  
  117  7:40  Dark Templar x3  
  124  7:45  Archon  
  124  7:49  Zealot  
  124  7:50  Zealot  
  128  7:53  Zealot x2  
  132  8:07  Dark Templar  
  132  8:08  Zealot  
  132  8:09  Zealot  
  132  8:12  Zealot x2  
  140  8:13  Zealot x2  
  140  8:14  Zealot  
  140  8:16  Archon  
  148  8:39  Zealot  
  132  8:51  Zealot x5  
  132  8:52  Zealot x2  
  94  9:11  Zealot x2  
  94  9:12  Zealot x5  
  98  9:30  Zealot x3  
  74  9:43  Zealot x3  
  74  9:44  Zealot x2  
  66  10:04  Dark Templar x3  
  66  10:05  Dark Templar x5  
  66  10:14  Archon  
  66  10:18  Archon  
  66  10:19  Archon  
  64  10:37  Zealot x3  
  64  10:38  Zealot x4  
  64  10:41  Archon  
  78  10:56  Observer  
  69  11:17  Observer  
  58  11:19  Zealot  
  58  11:20  Zealot x5  
  58  11:21  Zealot x2  
  66  11:39  Observer  
  63  11:43  Dark Templar x6  
  73  11:52  Archon x3  
  73  11:53  Zealot  
  67  11:57  Zealot  
  67  12:00  Observer  
  64  12:13  Zealot x2  
  60  12:40  Dark Templar x2  
Tags
 
Add a new tag
Caveats
  • Supply blocks, unpowered buildings, or Contaminate may cause inaccurate times.
  • Supply counts are checked every 10 seconds.